BLB
MAINE GUIDES @ SANTO DOMINGO RUM RUNNERS
05/28/2060
 
TOP OF THE 1ST
Maine Guides batting - Pitching for Santo Domingo Rum Runners : RHP Damon Neckles
Pitching: RHP Damon Neckles
Batting: RHB Jarrett Shaneyfelt 0-0: Ball
1-0: Ball
2-0: SINGLE (Line Drive, 7S, EV 102.5 MPH)
Batting: RHB Jaret Foley 0-0: Called Strike
0-1: Grounds into double play, 6-4-3 (Groundball, 6, EV 79.4 MPH)
Batting: LHB Tony Wysong 0-0: Swinging Strike
0-1: Ball
1-1: Ball
2-1: Ball
3-1: Base on Balls
Batting: RHB Brad Pendolino 0-0: Ball
1-0: Foul Ball, location: 2F
1-1: Ball
2-1: Fielders Choice at 2nd, 5-4 (Groundball, 5, EV 91.9 MPH)
Top of the 1st over - 0 runs, 1 hit, 0 errors, 1 left on base; Maine 0 - Santo Domingo 0
BOTTOM OF THE 1ST
Santo Domingo Rum Runners batting - Pitching for Maine Guides : RHP Dave Lassell
Pitching: RHP Dave Lassell
Batting: RHB Payton Weinberg 0-0: Called Strike
0-1: Ball
1-1: Ground out 4-3 (Groundball, 4, EV 82.5 MPH)
Batting: RHB Devain Ecevit 0-0: Fly out, F7 (Line Drive, 7LM, EV 96.9 MPH)
Batting: LHB Damon Casebier 0-0: Ball
1-0: Foul Ball, location: 2F
1-1: Foul Ball, location: 2F
1-2: Foul Ball, location: 2F
1-2: Strikes out swinging
Bottom of the 1st over - 0 runs, 0 hits, 0 errors, 0 left on base; Maine 0 - Santo Domingo 0
TOP OF THE 2ND
Maine Guides batting - Pitching for Santo Domingo Rum Runners : RHP Damon Neckles
Batting: RHB Byron Bentley 0-0: Called Strike
0-1: Foul Ball, location: 2F
0-2: Strikes out looking
Batting: SHB Desmond Moynihan 0-0: Ground out U3 (Groundball, 3L, EV 86.2 MPH)
Batting: RHB Derek Rosado 0-0: Called Strike
0-1: Ball
1-1: Foul Ball, location: 2F
1-2: Ball
2-2: Foul Ball, location: 2F
2-2: Strikes out swinging
Top of the 2nd over - 0 runs, 0 hits, 0 errors, 0 left on base; Maine 0 - Santo Domingo 0
BOTTOM OF THE 2ND
Santo Domingo Rum Runners batting - Pitching for Maine Guides : RHP Dave Lassell
Batting: LHB Ronald Anderson 0-0: Ball
1-0: Ball
2-0: Called Strike
2-1: Foul Ball, location: 2F
2-2: SINGLE (Line Drive, 56D, EV 95.6 MPH)
Batting: RHB Tommie Adamson 0-0: Foul Ball, location: 2F
0-1: Ball
1-1: Called Strike
Ronald Anderson steals 2nd base (no throw)
1-2: Foul Ball, location: 2F
1-2: Ball
2-2: Strikes out swinging
Batting: RHB Alan West 0-0: Foul Ball, location: 2F
0-1: Ball
1-1: Called Strike
1-2: Strikes out looking
Batting: LHB Tom Ho 0-0: Hit by Pitch
Batting: RHB Braeden Shute 0-0: Ball
1-0: Called Strike
1-1: Ball
2-1: Called Strike
2-2: Foul Ball, location: 2F
2-2: Strikes out swinging
Bottom of the 2nd over - 0 runs, 1 hit, 0 errors, 2 left on base; Maine 0 - Santo Domingo 0
TOP OF THE 3RD
Maine Guides batting - Pitching for Santo Domingo Rum Runners : RHP Damon Neckles
Batting: RHB Martin Moorman 0-0: Called Strike
0-1: Ball
1-1: Ball
2-1: Swinging Strike
2-2: Strikes out swinging
Batting: LHB Damian Counts 0-0: Ball
1-0: Ball
2-0: Called Strike
2-1: Ball
3-1: SINGLE (Groundball, 34D, EV 99.4 MPH)
Batting: RHB Jarrett Shaneyfelt 0-0: Called Strike
0-1: Fly out, F4 (Flyball, 34D, EV 91.9 MPH)
Batting: RHB Jaret Foley 0-0: Called Strike
0-1: Swinging Strike
0-2: Ball
1-2: Ball
2-2: Foul Ball, location: 2F
2-2: Strikes out swinging
Top of the 3rd over - 0 runs, 1 hit, 0 errors, 1 left on base; Maine 0 - Santo Domingo 0
BOTTOM OF THE 3RD
Santo Domingo Rum Runners batting - Pitching for Maine Guides : RHP Dave Lassell
Batting: RHB Andy Wood 0-0: Fly out, F7 (Flyball, 7D, EV 83.8 MPH)
Batting: RHB Payton Weinberg 0-0: SINGLE (Groundball, 4MD, EV 94.4 MPH)
Batting: RHB Devain Ecevit 0-0: Called Strike
0-1: Ball
1-1: DOUBLE (Flyball, 8LD, EV 105.6 MPH)
Payton Weinberg to third
Batting: LHB Damon Casebier 0-0: Foul Ball, location: 2F
0-1: Swinging Strike
0-2: Ball
1-2: Strikes out looking
Batting: LHB Ronald Anderson 0-0: Foul Ball, location: 2F
0-1: Ball
1-1: Ball
2-1: 3-RUN HOME RUN (Flyball, 89XD, EV 96.9 MPH), Distance : 386 ft
Batting: RHB Tommie Adamson 0-0: Called Strike
0-1: Swinging Strike
0-2: Ball
1-2: Ball
2-2: Ball
3-2: Strikes out swinging
Bottom of the 3rd over - 3 runs, 3 hits, 0 errors, 0 left on base; Maine 0 - Santo Domingo 3
TOP OF THE 4TH
Maine Guides batting - Pitching for Santo Domingo Rum Runners : RHP Damon Neckles
Batting: LHB Tony Wysong 0-0: Ball
1-0: Called Strike
1-1: Ball
2-1: Foul Ball, location: 2F
2-2: Ground out 6-3 (Groundball, 6, EV 83.8 MPH)
Batting: RHB Brad Pendolino 0-0: Ball
1-0: SINGLE (Line Drive, 56D, EV 94.4 MPH)
Batting: RHB Byron Bentley 0-0: Ball
1-0: Called Strike
1-1: Ball
2-1: Foul Ball, location: 2F
2-2: Ground out 4-3 (Groundball, 13, EV 93.1 MPH)
Brad Pendolino to second
Batting: SHB Desmond Moynihan 0-0: Swinging Strike
0-1: Foul Ball, location: 2F
0-2: Ground out 4-3 (Groundball, 4, EV 86.2 MPH)
Top of the 4th over - 0 runs, 1 hit, 0 errors, 1 left on base; Maine 0 - Santo Domingo 3
BOTTOM OF THE 4TH
Santo Domingo Rum Runners batting - Pitching for Maine Guides : RHP Dave Lassell
Batting: RHB Alan West 0-0: Called Strike
0-1: Called Strike
0-2: Ball
1-2: Foul Ball, location: 2F
1-2: Foul Ball, location: 2F
1-2: Strikes out swinging
Batting: LHB Tom Ho 0-0: Ball
1-0: Ball
2-0: Called Strike
2-1: Called Strike
2-2: Foul Ball, location: 2F
2-2: Foul Ball, location: 2F
2-2: Foul Ball, location: 2F
2-2: Ground out 4-3 (Groundball, 4S, EV 83.8 MPH)
Batting: RHB Braeden Shute 0-0: Ball
1-0: Swinging Strike
1-1: Foul Ball, location: 2F
1-2: Strikes out swinging
Bottom of the 4th over - 0 runs, 0 hits, 0 errors, 0 left on base; Maine 0 - Santo Domingo 3
TOP OF THE 5TH
Maine Guides batting - Pitching for Santo Domingo Rum Runners : RHP Damon Neckles
Batting: RHB Derek Rosado 0-0: Called Strike
0-1: Ball
1-1: Ball
2-1: Swinging Strike
2-2: Foul Ball, location: 2F
2-2: Strikes out swinging
Batting: RHB Martin Moorman 0-0: DOUBLE (Flyball, 8LXD, EV 113.1 MPH)
Batting: LHB Damian Counts 0-0: Ball
1-0: Ball
2-0: Ball
3-0: Base on Balls
Batting: RHB Jarrett Shaneyfelt 0-0: Ball
1-0: Ball
2-0: Ground out U3 (Groundball, 3S, EV 64.4 MPH)
Martin Moorman to third
Damian Counts to second
Batting: RHB Jaret Foley 0-0: Called Strike
0-1: Foul Ball, location: 2F
0-2: Foul Ball, location: 2F
0-2: Ground out 6-3 (Groundball, 6, EV 88.8 MPH)
Top of the 5th over - 0 runs, 1 hit, 0 errors, 2 left on base; Maine 0 - Santo Domingo 3
BOTTOM OF THE 5TH
Santo Domingo Rum Runners batting - Pitching for Maine Guides : RHP Dave Lassell
Batting: RHB Andy Wood 0-0: Called Strike
0-1: Foul Ball, location: 2F
0-2: Ball
1-2: SINGLE (Groundball, P, EV 85.6 MPH) (infield hit)
Batting: RHB Payton Weinberg 0-0: Bunted foul
0-1: Bunted foul
0-2: SINGLE (Groundball, 34S, EV 61.2 MPH) (infield hit)
Andy Wood to second
Batting: RHB Devain Ecevit 0-0: Ball
1-0: Bunt missed!
1-1: Sac Bunt to 2L - play at first, batter safe!
Andy Wood to third
Payton Weinberg to second
Batting: LHB Damon Casebier 0-0: Foul Ball, location: 2F
0-1: Ball
1-1: Called Strike
1-2: Fly out, F3 (Popup, 3S, EV 65.0 MPH)
Batting: LHB Ronald Anderson 0-0: Called Strike
0-1: Swinging Strike
0-2: Ball
1-2: Ball
2-2: Foul Ball, location: 2F
2-2: Grounds into fielders choice 3-2 (Groundball, 34, EV 92.5 MPH)
Payton Weinberg to third
Devain Ecevit to second
Batting: RHB Tommie Adamson 0-0: Ball
1-0: Swinging Strike
1-1: Called Strike
1-2: Ball
2-2: SINGLE (Line Drive, 6MD, EV 106.9 MPH)
Payton Weinberg scores
Devain Ecevit to third
Ronald Anderson to second
Runner from 3rd tries for Home, throw by CF and OUT! 8-2
Bottom of the 5th over - 1 run, 4 hits, 0 errors, 2 left on base; Maine 0 - Santo Domingo 4
TOP OF THE 6TH
Maine Guides batting - Pitching for Santo Domingo Rum Runners : RHP Damon Neckles
Batting: LHB Tony Wysong 0-0: Ball
1-0: Swinging Strike
1-1: Called Strike
1-2: Ball
2-2: Strikes out swinging
Batting: RHB Brad Pendolino 0-0: Ball
1-0: Ball
2-0: Called Strike
2-1: Ball
3-1: Foul Ball, location: 2F
3-2: Ground out 4-3 (Groundball, 4, EV 105.0 MPH)
Batting: RHB Byron Bentley 0-0: Swinging Strike
0-1: Foul Ball, location: 2F
0-2: Ball
1-2: Ball
2-2: Strikes out swinging
Top of the 6th over - 0 runs, 0 hits, 0 errors, 0 left on base; Maine 0 - Santo Domingo 4
BOTTOM OF THE 6TH
Santo Domingo Rum Runners batting - Pitching for Maine Guides : RHP Dave Lassell
Batting: RHB Alan West 0-0: Fly out, F7 (Line Drive, 78M, EV 91.2 MPH)
Batting: LHB Tom Ho 0-0: Ball
1-0: Fly out, F7 (Flyball, 78M, EV 87.5 MPH)
Batting: RHB Braeden Shute 0-0: Ball
1-0: SINGLE (Line Drive, 6D, EV 103.8 MPH)
Batting: RHB Andy Wood 0-0: Called Strike
Braeden Shute is caught stealing 2nd base 2-4
Bottom of the 6th over - 0 runs, 1 hit, 0 errors, 0 left on base; Maine 0 - Santo Domingo 4
TOP OF THE 7TH
Maine Guides batting - Pitching for Santo Domingo Rum Runners : RHP Damon Neckles
Batting: SHB Desmond Moynihan 0-0: Foul Ball, location: 2F
0-1: Ball
1-1: Foul Ball, location: 2F
1-2: Ball
2-2: Strikes out swinging
Batting: RHB Derek Rosado 0-0: Ball
1-0: Ground out 1-3 (Groundball, 15S, EV 61.9 MPH)
Batting: RHB Martin Moorman 0-0: Ball
1-0: Ball
2-0: Swinging Strike
2-1: Foul Ball, location: 2F
2-2: Ball
3-2: Foul Ball, location: 2F
3-2: Ground out 6-3 (Groundball, 6, EV 93.8 MPH)
Top of the 7th over - 0 runs, 0 hits, 0 errors, 0 left on base; Maine 0 - Santo Domingo 4
BOTTOM OF THE 7TH
Santo Domingo Rum Runners batting - Pitching for Maine Guides : RHP Dave Lassell
Batting: RHB Andy Wood 0-0: Ball
1-0: Ball
2-0: Foul Ball, location: 2F
2-1: Ball
3-1: Foul Ball, location: 2F
3-2: Base on Balls
Pitching: RHP Gavin Lankford
Batting: RHB Payton Weinberg 0-0: Bunted foul
0-1: Bunt missed!
0-2: Foul Ball, location: 2F
0-2: Ball
1-2: Fielders Choice at 2nd, 4-6 (Groundball, 13, EV 82.5 MPH)
Batting: RHB Devain Ecevit 0-0: Called Strike
0-1: Called Strike
Payton Weinberg steals 2nd base (no throw)
0-2: Ground out 5-3 (Groundball, 5, EV 89.4 MPH)
Batting: LHB Damon Casebier 0-0: Ball
Payton Weinberg is caught stealing 3rd base 2-5
Bottom of the 7th over - 0 runs, 0 hits, 0 errors, 0 left on base; Maine 0 - Santo Domingo 4
TOP OF THE 8TH
Maine Guides batting - Pitching for Santo Domingo Rum Runners : RHP Damon Neckles
Batting: LHB Damian Counts 0-0: Foul Ball, location: 2F
0-1: Foul Ball, location: 2F
0-2: DOUBLE (Groundball, 3L, EV 95.0 MPH)
Batting: RHB Jarrett Shaneyfelt 0-0: Called Strike
0-1: Swinging Strike
0-2: Foul Ball, location: 2F
0-2: Foul Ball, location: 2F
0-2: Strikes out swinging
Pitching: RHP Brady D'Ambra
Batting: RHB Jaret Foley 0-0: Ball
1-0: Ball
2-0: Called Strike
2-1: Swinging Strike
2-2: Ball
3-2: Ground out 6-3 (Groundball, 6, EV 103.1 MPH)
Batting: LHB Tony Wysong 0-0: Ball
1-0: Foul Ball, location: 2F
1-1: Foul Ball, location: 2F
1-2: Foul Ball, location: 2F
1-2: Ball
Wild Pitch!
Damian Counts to third
2-2: Ground out 1-3 (Groundball, 34S, EV 62.5 MPH)
Top of the 8th over - 0 runs, 1 hit, 0 errors, 1 left on base; Maine 0 - Santo Domingo 4
BOTTOM OF THE 8TH
Santo Domingo Rum Runners batting - Pitching for Maine Guides : RHP Gavin Lankford
Batting: LHB Damon Casebier 0-0: Called Strike
0-1: Ball
1-1: Foul Ball, location: 2F
1-2: Ball
2-2: Ball
3-2: Fly out, F9 (Flyball, 9D, EV 98.1 MPH)
Batting: LHB Ronald Anderson 0-0: Ball
1-0: SINGLE (Groundball, 25, EV 67.5 MPH) (infield hit)
Batting: RHB Tommie Adamson 0-0: Called Strike
0-1: Called Strike
Ronald Anderson steals 2nd base
0-2: Ball
1-2: Ball
2-2: Strikes out swinging
Batting: RHB Alan West 0-0: DOUBLE (Flyball, 8RXD, EV 95.6 MPH)
Ronald Anderson scores
Batting: LHB Tom Ho 0-0: Called Strike
0-1: Fly out, F9 (Line Drive, 9S, EV 89.4 MPH)
Bottom of the 8th over - 1 run, 2 hits, 0 errors, 1 left on base; Maine 0 - Santo Domingo 5
TOP OF THE 9TH
Maine Guides batting - Pitching for Santo Domingo Rum Runners : RHP Brady D'Ambra
Batting: RHB Brad Pendolino 0-0: Ball
1-0: Ball
2-0: Ball
3-0: Base on Balls
Batting: RHB Byron Bentley 0-0: Ball
Wild Pitch!
Brad Pendolino to second
1-0: SINGLE (Line Drive, 6MD, EV 103.1 MPH)
Brad Pendolino to third
Batting: SHB Desmond Moynihan 0-0: Ball
1-0: Foul Ball, location: 2F
1-1: Swinging Strike
1-2: Foul Ball, location: 2F
1-2: Ball
2-2: Fly out, F6 (Popup, 6, EV 61.2 MPH)
Batting: RHB Derek Rosado 0-0: Called Strike
0-1: Swinging Strike
0-2: Ball
1-2: Foul Ball, location: 2F
1-2: Foul Ball, location: 2F
1-2: Strikes out swinging
Batting: RHB Martin Moorman 0-0: Foul Ball, location: 2F
0-1: Ball
1-1: Ball
2-1: Foul Ball, location: 2F
2-2: Strikes out swinging
Top of the 9th over - 0 runs, 1 hit, 0 errors, 2 left on base; Maine 0 - Santo Domingo 5
Friday, May 3rd , 2024 - OOTP Baseball 23.10 Build 110